Unix NetHack Version 3.7.0-101 Work-in-progress - last build Mar 4 2024 13:34:30 (3c4ac04b664b9ee0831c739617f054b5b60dbfd1,branch:master). Game began 2024-03-10 13:33:22, ended 2024-03-10 13:50:49. Cloudmillion, lawful female human Valkyrie ---------------- ---------- --------- |..............| #.........|# |.......| |..............| #|.........# |.......| |.....>........|####---|------ |........ --|-------------# ## #........| ### ### # #-----.--- # # # ## ######## # # # ## ## ### ## # ## # # # # # # ###### --.-- ## # # -----------%- |...| # ----.-----# |......|..a.+ |<...#### |........|# |....r...aa.| ------ |...| |........|# |........@..%###### #|.).{| ----- |..{....<|# ------------- ######.[...| |..e......# |....| ---- ----- ------ Cloudmillion the Fighter St:18/02 Dx:16 Co:15 In:7 Wi:12 Ch:8 Lawful Dlvl:6 $:122 HP:0(46) Pw:19(19) AC:4 Xp:6 T:3400 Latest messages: You find a hidden passage. You find a hidden door. The door opens. You see here 3 gold pieces. $ - 3 gold pieces (113 in total). You hear the footsteps of a guard on patrol. You descend the stairs. You climb up the stairs. You hear the footsteps of a guard on patrol. You hear someone counting gold coins. $ - 9 gold pieces (122 in total). U - a scroll labeled PRIRUTSENIE. You hear the footsteps of a guard on patrol. You hit the pony! The pony kicks! The pony bites! You kill the pony! Welcome to experience level 6. There is a doorway here. You see here a pony corpse. You see here an orcish ring mail. You see here 6 crossbow bolts. You see here an orcish ring mail. You hit the rabid rat! The rabid rat turns to flee. You kill the acid blob! You are splashed by the acid blob's acid! There is a doorway here. You see here an acid blob corpse. The soldier ant bites! The soldier ant stings! The soldier ant bites! The soldier ant stings! The soldier ant bites! The soldier ant stings! In what direction? i What do you want to zap? [CKOS or ?*] S In what direction? 8 The soldier ant bites! The soldier ant stings! What do you want to zap? [CKOS or ?*] O In what direction? , The iridium wand named polymorph glows and fades. The soldier ant bites! You die... Do you want your possessions identified? [ynq] (y) y Do you want to see your attributes? [ynq] (y) y Do you want an account of creatures vanquished? [ynaq] (y) y Do you want to see your conduct and achievements? [ynq] (y) y Do you want to see the dungeon overview? [ynq] (y) y Inventory: Coins $ - 122 gold pieces Amulets q - an uncursed amulet of ESP named ESP (being worn) Weapons b - a +0 dagger z - 2 +0 orcish daggers a - a +1 spear (weapon in left hand) Armor m - an uncursed +0 orcish helm (being worn) c - an uncursed +3 small shield (being worn) e - an uncursed burnt +0 leather armor (being worn) Comestibles d - 6 uncursed food rations n - 6 uncursed tripe rations u - an uncursed garter snake egg H - an uncursed egg I - an uncursed lizard corpse Q - an uncursed lizard corpse Scrolls E - an uncursed scroll of earth D - a cursed scroll of earth g - a blessed scroll of enchant armor w - a blessed scroll of enchant weapon J - a cursed scroll of fire j - a blessed scroll of gold detection o - 2 uncursed scrolls of light i - a cursed scroll of punishment U - an uncursed scroll of taming Potions t - an uncursed potion of acid y - an uncursed potion of gain ability s - a cursed potion of healing Rings A - a cursed ring of polymorph control P - an uncursed ring of regeneration L - an uncursed ring of slow digestion R - an uncursed ring of stealth Wands S - a wand of cancellation named vanish1 (0:3) K - a wand of magic missile named magic missile (0:4) O - a wand of polymorph named polymorph (0:5) C - a wand of slow monster named slow monster (0:4) Tools f - an uncursed blindfold Gems/Stones p - an uncursed worthless piece of orange glass h - an uncursed worthless piece of red glass x - 2 uncursed touchstones Cloudmillion the Valkyrie's attributes: Background: You were a Fighter, a level 6 human Valkyrie. You were lawful, on a mission for Tyr who was opposed by Odin (neutral) and Loki (chaotic). You were left-handed. You were in the Dungeons of Doom, on level 6. You entered the dungeon 3400 turns ago. There was a new moon in effect when your adventure ended. You had 325 experience points, 315 more were needed to attain level 7. Basics: You had 0 out of 46 hit points. You had all 19 energy points (spell power). Your armor class was 4. Your wallet contained 122 zorkmids. Autopickup was off. Final Characteristics: Your strength was 18/02 (limit:18/100). Your dexterity was 16 (limit:18). Your constitution was 15 (limit:18). Your intelligence was 7 (limit:18). Your wisdom was 12 (limit:18). Your charisma was 8 (limit:18). Final Status: You weren't hungry. You were unencumbered. You were wielding a spear. You were skilled in spear. Final Attributes: You were piously aligned. You were cold resistant. You were telepathic. You were stealthy. You were warded. You are dead. Miscellaneous: You never encountered a bones level. Total elapsed playing time was 17 minutes and 27 seconds. Major events: Turn 1: Cloudmillion the lawful human Valkyrie entered the dungeon 588: entered the Gnomish Mines 985: attained the rank of Skirmisher (level 3) 1202: entered Sokoban 1499: completed 1st Sokoban level 2126: completed 2nd Sokoban level 2679: completed 3rd Sokoban level 3357: attained the rank of Fighter (level 6) 3400: killed by a soldier ant Vanquished creatures: a giant beetle an ice vortex 2 lizards an ape a rock piercer a pony a shrieker a ghoul a floating eye a kobold shaman a giant bat 2 acid blobs 11 manes 2 cave spiders a brown mold a yellow mold a red mold 3 geckos 4 jackals 4 goblins 2 sewer rats 3 grid bugs a bat 3 lichens a newt 51 creatures vanquished. No species were genocided or became extinct. Voluntary challenges: You read items or engraved 5 times. You never engraved Elbereth. You never genocided any monsters. You never polymorphed an object. You never changed form. You used no wishes. You did not violate any of the special Sokoban rules. Achievements: You entered the Gnomish Mines. You entered a shop. You attained the rank of Skirmisher. You entered Sokoban. You attained the rank of Fighter. The Dungeons of Doom: levels 1 to 7 Level 1: A sink. Level 2: A fountain. Level 3: A fountain. Stairs down to The Gnomish Mines. Level 4: A fountain. Level 5: Level 6: <- You were here. Some fountains, a grave. Stairs up to Sokoban, level 5. Final resting place for you, killed by a soldier ant. Level 7: A sink. The Gnomish Mines: Level 4: Sokoban: levels 5 up to 2 Level 2: Unsolved. Level 3: Solved. Level 4: Solved. Level 5: Solved. Game over: ---------- / \ / REST \ / IN \ / PEACE \ / \ | Cloudmillion | | 122 Au | | killed by a | | soldier ant | | | | | | 2024 | *| * * * | * _________)/\\_//(\/(/\)/\//\/|_)_______ Farvel Cloudmillion the Valkyrie... You died in The Dungeons of Doom on dungeon level 6 with 1710 points, and 122 pieces of gold, after 3400 moves. You were level 6 with a maximum of 46 hit points when you died.